 Dungeon Crawl Stone Soup version 0.18-a0-952-g309898a (webtiles) character file.

81 M4edhros the Charlatan (level 4, -4/28 HPs)
             Began as an Octopode Artificer on Dec 31, 2015.
             Shot with an arrow by a centaur (8 damage)
             ... on level 5 of the Dungeon.
             The game lasted 00:02:07 (1822 turns).

M4edhros the Charlatan (Octopode Artificer)         Turns: 1822, Time: 00:02:07

Health: -4/28      AC:  1    Str: 10    XL:     4   Next: 42%
Magic:  6/6        EV: 13    Int: 15    God:
Gold:   55         SH:  0    Dex: 12    Spells: 0 memorised, 3 levels left

rFire  . . .     SeeInvis .     a - +0 short sword
rCold  . . .     Gourm    .     (no shield)
rNeg   . . .     Faith    .     (helmet restricted)
rPois  .         Spirit   .     (no amulet)
rElec  .         Dismiss  .     (no ring)
rCorr  .         Reflect  .     (no ring)
SustAt .         Harm     .     (no ring)
MR     .....                    (no ring)
Stlth  ++++......               (no ring)
                                (no ring)
                                (no ring)
                                (no ring)

@: not resistant to hostile enchantments, stealthy
A: almost no armour, amphibious, 8 rings, constrict 8, camouflage 1, gelatinous
body 1
a: no special abilities


You were on level 5 of the Dungeon.
You were not hungry.

You visited 1 branch of the dungeon, and saw 5 of its levels.

You collected 55 gold pieces.

Inventory:

Hand Weapons
 a - a +0 short sword (weapon)
 l - a +0 hunting sling
Missiles
 h - 36 stones (quivered)
 n - 15 sling bullets
Wands
 b - a wand of flame (13/48)
 c - a wand of enslavement (13/24)
 d - a wand of random effects (13/48)
Scrolls
 e - 2 scrolls of blinking {unknown}
 i - 3 scrolls of magic mapping {unknown}
 k - 4 scrolls of enchant armour {unknown}
 o - a scroll of teleportation {unknown}
 q - 2 scrolls of identify {unknown}
Potions
 j - a potion of might {unknown}
 m - 2 potions of curing {unknown}
 r - a potion of cancellation {unknown}
 s - a potion of poison {unknown}
Comestibles
 f - a bread ration
 g - a royal jelly
 p - a slice of pizza


   Skills:
 - Level 1.0 Fighting
 - Level 1.0 Short Blades
 * Level 1.1 Slings
 * Level 2.8 Dodging
 * Level 3.8 Stealth
 + Level 3.9 Evocations


You had 3 spell levels left.
You didn't know any spells.

Dungeon Overview and Level Annotations

Branches:
Dungeon (5/15)
 Temple: D:4-7

Altars:
Ashenzari
Elyvilon
Sif Muna


Innate Abilities, Weirdness & Mutations

You cannot wear most types of armour.
You are amphibious.
You can wear up to eight rings at the same time.
You can use your tentacles to constrict eight enemies at once.
Your skin changes colour to match your surroundings (Stealth).
Your rubbery body absorbs attacks (AC +1).


Message History

Aim: a centaur, wielding a shortbow (severely wounded)
The puff of flame misses the centaur.
This wand has 14 charges left.
The centaur shoots an arrow.
The arrow hits you!
Evoke which item? (* to show all) (? for menu, Esc to quit)
Zapping:
b - a wand of flame (14/48)
Press: ? - help, Shift-Dir - straight line, f/p - centaur
Aim: a centaur, wielding a shortbow (severely wounded)
The puff of flame hits the centaur.
The centaur is severely wounded.
This wand has 13 charges left.
The centaur shoots an arrow.
The arrow hits you!
* * * LOW HITPOINT WARNING * * *
A giant cockroach zombie comes into view.
Evoke which item? (* to show all) (? for menu, Esc to quit)
Zapping:
d - a wand of random effects (14/48)
Press: ? - help, Shift-Dir - straight line, f/p - centaur
Aim: a centaur, wielding a shortbow (severely wounded)
The magic dart hits the centaur.
The centaur is severely wounded.
This wand has 13 charges left.
The centaur shoots an arrow.
The arrow hits you!
You die...

#..# #..# Z. #..#
.. #..# ##.# #..#
... ###..####c. #
#.......#.# ..
#.#.....#.###.#
#.#.#####@#...#
#.#.........#
#.#<#####.#######
#.#......(.......
#.######.########
#........#
##########


You could see a centaur and a giant cockroach zombie.

Vanquished Creatures
  A crimson imp (D:5)
  An adder (D:5)
  2 worms
  A giant gecko (D:2)
  An orc (D:3)
  3 bats
  6 hobgoblins
  A giant newt (D:4)
  5 goblins
  3 kobolds
  4 rats
28 creatures vanquished.

Vanquished Creatures (others)
  A gnoll (D:2)
1 creature vanquished.

Grand Total: 29 creatures vanquished

Notes
Turn   | Place    | Note
--------------------------------------------------------------
     0 | D:1      | M4edhros the Octopode Artificer began the quest for the Orb.
     0 | D:1      | Reached XP level 1. HP: 13/13 MP: 3/3
   113 | D:1      | Reached XP level 2. HP: 6/18 MP: 4/4
   957 | D:2      | Reached XP level 3. HP: 17/23 MP: 5/5
   980 | D:3      | Found a shattered altar of Ashenzari.
  1013 | D:3      | Found a deep blue altar of Sif Muna.
  1034 | D:3      | Found a white marble altar of Elyvilon.
  1476 | D:5      | Entered Level 5 of the Dungeon
  1486 | D:5      | Reached XP level 4. HP: 23/28 MP: 6/6
  1495 | D:5      | Reached skill level 1 in Slings
  1580 | D:5      | Noticed a centaur
  1822 | D:5      | Shot with an arrow by a centaur

Vault maps used:
D:1:      ncdulo_halloftheorcs, serial_bayou_pond_a
D:2:      lemuel_round_altar, first_bread, uniq_natasha
D:3:      marbit_many_paths, lemuel_doored_altar, grunt_temple_overflow_open
D:5:      minmay_misc_feat_four_crosses, uniq_sigmund, uniq_eustachio

Action                   |  1- 3 |  4- 6 || total
-------------------------+-------+-------++-------
Melee: Short sword       |    72 |     7 ||    79
Evoke: Wand              |     2 |     4 ||     6
 Stab: Sleeping          |     7 |       ||     7
  Eat: Chunk             |     1 |     2 ||     3
